 Dungeon Crawl Stone Soup version 0.22-a0-587-g7d32d7c (webtiles) character file.

637 Colliwobble the Basher (level 7, -6/41 HPs)
             Began as a Gargoyle Fighter on Dec 3, 2017.
             Was an Initiate of Ru.
             Mangled by a troll (7 damage)
             ... on level 4 of the Dungeon on July 5, 2018.
             The game lasted 00:11:01 (3725 turns).

Colliwobble the Basher (Gargoyle Fighter)           Turns: 3725, Time: 00:11:02

Health: -6/41      AC: 18    Str: 21    XL:     7   Next: 50%
Magic:  7/7        EV:  7    Int:  8    God:    Ru [......]
Gold:   186        SH:  9    Dex: 10    Spells: 6/6 levels left

rFire    + . .     SeeInvis .   a - +0 flail
rCold    . . .     Gourm    .   c - +0 shield
rNeg     + + .     Faith    .   m - +0 scale mail
rPois    ∞         Spirit   .   A - +0 helmet
rElec    +         Reflect  .   w - +0 cloak
rCorr    .         Harm     .   x - +0 pair of gloves
MR       .....                  y - +2 pair of boots
Stlth    ..........             (no amulet)
HPRegen  0.13/turn              p - ring of positive energy
MPRegen  0.10/turn              n - ring of protection from fire

@: no status effects
A: negative energy resistance 1, electricity resistance, unbreathing,
petrification resistance, rot immunity, AC +4
a: Renounce Religion


You were on level 4 of the Dungeon.
You worshipped Ru.
Ru was noncommittal.
You were hungry.

You visited 2 branches of the dungeon, and saw 6 of its levels.

You collected 246 gold pieces.
You spent 60 gold pieces at shops.

Inventory:

Hand Weapons
 a - a +0 flail (weapon)
 b - a +0 hunting sling
Missiles
 o - 94 stones (quivered)
Armour
 c - a +0 shield (worn)
 m - a +0 scale mail (worn)
 w - a +0 cloak (worn)
 x - a +0 pair of gloves (worn)
 y - a +2 pair of boots (worn)
 A - a +0 helmet (worn)
Jewellery
 n - a ring of protection from fire (right hand)
 p - a ring of positive energy (left hand)
 s - an uncursed amulet of guardian spirit {unknown}
Wands
 z - a wand of iceblast (9)
Scrolls
 g - a scroll of amnesia {unknown}
 j - 3 scrolls of enchant armour {unknown}
 k - 7 scrolls of remove curse
 r - 5 scrolls of teleportation {unknown}
 u - 2 scrolls of identify
 B - a scroll of magic mapping {unknown}
Potions
 d - 2 potions of might
 e - a potion of degeneration {unknown}
 h - 3 potions of lignification {unknown}
 i - 2 potions of brilliance {unknown}
 t - 2 potions of curing
 v - 4 potions of heal wounds {unknown}
Comestibles
 f - 9 rations
 l - a ration
 q - a ration


   Skills:
 - Level 3.2 Fighting
 + Level 8.2 Maces & Flails
 - Level 3.2 Armour
 - Level 3.2 Shields


You had 6 spell levels left.
You didn't know any spells.
Your spell library was empty.

Dungeon Overview and Level Annotations

Branches:
Dungeon (5/15)             Temple (1/1) D:4

Altars:
Ashenzari
Cheibriados
Dithmenos
Elyvilon
Fedhas
Gozag
Hepliaklqana
Kikubaaqudgha
Makhleb
Nemelex Xobeh
Okawaru
Qazlal
Ru
Sif Muna
Trog
Uskayaw
Vehumet
Wu Jian
Xom
Yredelemnul
Zin
The Shining One

Shops:
D:4 *


Innate Abilities, Weirdness & Mutations

You are resistant to torment.
Your stone body is resilient. (AC +4)
You are immune to poison.
You resist negative energy. (rN+)
You are resistant to electric shocks. (rElec)
You can survive without breathing.
You are immune to petrification.
You are immune to rotting.


Message History

The shadow imp laughs crazily.
You block the troll's attack. The troll closely misses you.
The troll claws you.
There is a stone staircase leading up here.
The troll barely misses you. You block the troll's attack. The troll claws you.
* * * LOW HITPOINT WARNING * * *
You climb upwards.
There is a stone staircase leading down here.
You thump the troll!
The troll is almost dead.
The troll bites you but does no damage. The troll claws you.
* * * LOW HITPOINT WARNING * * *
The troll claws you.
* * * LOW HITPOINT WARNING * * *
You closely miss the troll.
The troll is almost dead.
The troll bites you!
* * * LOW HITPOINT WARNING * * *
The troll claws you!
You die...

#...#.......................†....
###.#..............#.#####.......
###..............................
#................................
##..............##........#......
#..#...........#...########..###
#..#.............#..# #.....
##....#.........####.### ##....
......###.......@......## #....
#..............T........## ##....
#.#.....#..##............# #.....
#.#...#.#..###...).......###.....
..#...###### ##########..........
.##.### #...###.... .##.### ♣♣♣♣♣
#..###..### ###...# ♣♣...♣♣
#..###.## .##..## ♣♣.....♣♣
#..##..#


You could see a troll.

Vanquished Creatures
  A phantom (D:4)
  A big kobold (D:5)
  A scorpion (D:3)
  A hound (D:4)
  Crazy Yiuf (D:2)
  Terence (D:2)
  An orc wizard (D:4)
  Natasha (D:2)
  2 worker ants (D:4)
  2 hound skeletons (D:4)
  6 adders
  7 gnolls
  2 oozes
  An adder skeleton (D:4)
  A worm (D:2)
  6 dart slugs
  3 leopard geckos
  2 orcs (D:4)
  A giant cockroach (D:2)
  7 goblins
  11 hobgoblins
  8 jackals
  2 ball pythons (D:1)
  3 bats
  5 frilled lizards
  7 kobolds
  10 rats
94 creatures vanquished.

Notes
Turn   | Place    | Note
-------+----------+-------------------------------------------
     0 | D:1      | Colliwobble the Gargoyle Fighter began the quest for the Orb.
     0 | D:1      | Reached XP level 1. HP: 14/14 MP: 1/1
    11 | D:1      | Reached XP level 2. HP: 11/19 MP: 2/2
   191 | D:1      | Reached skill level 3 in Maces & Flails
   455 | D:1      | Reached XP level 3. HP: 23/23 MP: 3/3
   976 | D:2      | Reached skill level 4 in Maces & Flails
  1048 | D:2      | Reached XP level 4. HP: 28/28 MP: 4/4
  1068 | D:2      | Noticed Terence
  1090 | D:2      | Killed Terence
  1206 | D:2      | Reached skill level 5 in Maces & Flails
  1206 | D:2      | Reached XP level 5. HP: 28/32 MP: 5/5
  1778 | D:2      | Found a runed door.
  1782 | D:2      | Noticed Crazy Yiuf
  1786 | D:2      | Killed Crazy Yiuf
  1954 | D:2      | Noticed Natasha
  1958 | D:2      | Killed Natasha
  1958 | D:2      | Reached skill level 6 in Maces & Flails
  1958 | D:2      | Reached XP level 6. HP: 32/37 MP: 6/6
  2646 | D:4      | Noticed a phantom
  2791 | D:4      | Killed a phantom
  2791 | D:4      | Reached skill level 7 in Maces & Flails
  2803 | D:4      | Found Destunt's General Store.
  2818 | D:4      | Bought a scroll of identify for 24 gold pieces
  2818 | D:4      | Bought a scroll of remove curse for 36 gold pieces
  2870 | D:4      | Reached XP level 7. HP: 34/41 MP: 7/7
  2997 | D:4      | Found a staircase to the Ecumenical Temple.
  3029 | Temple   | Entered the Ecumenical Temple
  3269 | Temple   | Became a worshipper of Ru the Awakened
  3528 | D:4      | Found a blossoming altar of Fedhas.
  3692 | D:5      | Entered Level 5 of the Dungeon
  3704 | D:5      | Noticed a troll
  3708 | D:5      | Reached skill level 8 in Maces & Flails
  3725 | D:4      | HP: 1/41 [troll (8)]
  3725 | D:4      | Mangled by a troll

Vault maps used:
D:1:      onia_arrival_handbag
D:2:      uniq_natasha, uniq_terence, uniq_crazy_yiuf_cottage
D:3:      first_ration, nrook_mini_vaults, grunt_decor_mini_mirrors,
          item_on_display_a
D:4:      fedhas_altar_fruit_tree, minmay_temple_entry_butterflies,
          serial_shops, nicolae_shop_statue_plus
D:5:      cheibrodos_fzero, serial_shops, shop, kennysheep_mini_moat,
          kennysheep_mini
Temple:   nicolae_temple_the_god_donut

Skill      XL: |  1  2  3  4  5  6  7 |
---------------+----------------------+-----
Maces & Flails | 3 4 5 6 7 8 |  8.2
Fighting       | |  3.2
Armour         | |  3.2
Shields        | |  3.2

Action                   |  1- 3 |  4- 6 |  7- 9 || total
-------------------------+-------+-------+-------++-------
Melee: Flail             |   110 |   209 |    84 ||   403
 Fire: Hunting sling     |     4 |    16 |     7 ||    27
  Eat: Chunk             |       |     7 |     2 ||     9
Armor: Scale mail        |    65 |    84 |    63 ||   212
Dodge: Dodged            |    30 |    52 |    21 ||   103
Block: Shield            |    68 |    83 |    51 ||   202

Table legend:
 A = Spawn XP
 B = Non-spawn XP
 C = Spawn XP percentage of total XP
 D = Spawn monster count
 E = Non-spawn monster count
 F = Spawn count percentage of total count
 G = Total turns spent on level
                    A         B        C        D         E        F      G
               +---------+---------+-------+---------+---------+-------+---------
         Total |       0 |     911 |   0.0 |       0 |      94 |   0.0 |  3725
               +---------+---------+-------+---------+---------+-------+---------
           D:1 |       0 |      63 |   0.0 |       0 |      32 |   0.0 |   937
           D:2 |       0 |     271 |   0.0 |       0 |      34 |   0.0 |  1162
           D:3 |       0 |      84 |   0.0 |       0 |       9 |   0.0 |   632
           D:4 |       0 |     398 |   0.0 |       0 |      18 |   0.0 |   708
           D:5 |       0 |      95 |   0.0 |       0 |       1 |   0.0 |    31
               +---------+---------+-------+---------+---------+-------+---------
